[Event "Titled Tuesday Blitz August 15 Early 2023"]
[White "Marn, Jan"]
[Black "Starozhilov, Leonid"]
[WhiteFideId "14619245"]
[BlackFideId "14106752"]
[WhiteElo "2491"]
[BlackElo "2685"]
[Result "1-0"]
[Round "8"]
[TimeControl "180+1"]
[Date "2023.08.15"]
[WhiteClock "0:00:28"]
[BlackClock "0:00:00"]
[Board "88"]

1. Nf3 Nf6 2. g3 g6 3. b4 Bg7 4. Bb2 O-O 5. Bg2 c6 6. O-O d5 7. d3 Bg4 8. Ne5 Nbd7 9. Nxg4 Nxg4 10. Bxg7 Kxg7 11. c4 Ngf6 12. Nc3 e6 13. Qb3 a6 14. a4 Qe7 15. b5 axb5 16. axb5 Qc5 17. Na4 Qa7 18. b6 Qa5 19. Rfb1 Nc5 20. Nxc5 Qxc5 21. cxd5 exd5 22. Qb2 Rfe8 23. e3 Rxa1 24. Rxa1 d4 25. Qxd4 Qxd4 26. exd4 Rd8 27. Ra7 Rb8 28. Kf1 Kf8 29. Ke2 Nd5 30. Bxd5 cxd5 31. Ke3 Ke7 32. Kf4 f6 33. g4 h6 34. h4 Ke6 35. g5 fxg5+ 36. hxg5 h5 37. Kg3 Kd6 38. Ra5 Rf8 39. Rc5 Rf5 40. f4 h4+ 41. Kg4 Rf7 42. Rc2 h3 43. Rh2 Kc6 44. Rxh3 Kxb6 45. Rh6 Ka5 46. Rxg6 b5 47. Rf6 Rb7 48. g6 b4 49. Rf7 Rb8 50. g7 b3 51. Rf8 1-0


[Site "https://www.chess.com"]

[Event "Titled Tuesday Blitz August 15 Early 2023"]
[White "Hua, Lefong"]
[Black "Shubenkova, Veronika"]
[WhiteFideId "2602253"]
[BlackFideId "44124040"]
[WhiteElo "2685"]
[BlackElo "2486"]
[Result "1-0"]
[Round "8"]
[TimeControl "180+1"]
[Date "2023.08.15"]
[WhiteClock "0:00:53"]
[BlackClock "0:00:06"]
[Board "89"]

1. d4 d5 2. c4 e6 3. Nc3 Nf6 4. cxd5 exd5 5. Bg5 Be7 6. e3 O-O 7. Bd3 Nbd7 8. Qc2 c6 9. Nge2 Re8 10. O-O h6 11. Bh4 Ne4 12. Bxe7 Qxe7 13. Rae1 Ndf6 14. Nc1 Bd7 15. f3 Nxc3 16. bxc3 c5 17. Qf2 cxd4 18. cxd4 Qa3 19. e4 dxe4 20. fxe4 Re7 21. e5 Nd5 22. Bc4 Be6 23. Bb3 Rd8 24. Nd3 b6 25. Rc1 a5 26. Rc2 a4 27. Bxd5 Bxd5 28. Nf4 Be4 29. Rd2 Qc3 30. Re1 Bd5 31. h4 b5 32. Re3 Qc1+ 33. Kh2 b4 34. Rg3 Qc6 35. Nh5 g6 36. Nf6+ Kg7 37. h5 g5 38. Qf5 Re6 39. Qh7+ Kf8 40. Qxh6+ Ke7 41. Qxg5 Kf8 42. h6 Be4 43. d5 Rxd5 44. Rxd5 Bxd5 45. h7 1-0


[Site "https://www.chess.com"]

[Event "Titled Tuesday Blitz August 15 Early 2023"]
[White "Maltsevskaya, Aleksandra"]
[Black "Liu, Casper"]
[WhiteFideId "24174041"]
[BlackFideId "1454153"]
[WhiteElo "2667"]
[BlackElo "2464"]
[Result "1-0"]
[Round "8"]
[TimeControl "180+1"]
[Date "2023.08.15"]
[WhiteClock "0:01:45"]
[BlackClock "0:01:18"]
[Board "90"]

1. Nf3 d6 2. g3 g6 3. Bg2 Bd7 4. O-O Qc8 5. e4 Bh3 6. d4 h5 7. e5 h4 8. Nc3 hxg3 9. fxg3 Bxg2 10. Kxg2 Qh3+ 11. Kg1 Nc6 12. exd6 O-O-O 13. dxc7 Rxd4 14. Qe2 Rg4 15. Bf4 e5 16. Rad1 Bc5+ 17. Kh1 Nf6 18. Bxe5 Nxe5 19. Qxe5 Rxg3 20. Rd8+ Rxd8 21. cxd8=Q+ Kxd8 22. Rd1+ Kc8 23. Qxc5+ Kb8 24. Rd8+ 1-0


[Site "https://www.chess.com"]

[Event "Titled Tuesday Blitz August 15 Early 2023"]
[White "Delorme, Axel"]
[Black "Haug, Havard"]
[WhiteFideId "632023"]
[BlackFideId "1547887"]
[WhiteElo "2482"]
[BlackElo "2655"]
[Result "1/2-1/2"]
[Round "8"]
[TimeControl "180+1"]
[Date "2023.08.15"]
[WhiteClock "0:00:08"]
[BlackClock "0:00:09"]
[Board "91"]

1. e4 c6 2. d4 d5 3. Nc3 dxe4 4. Nxe4 Nf6 5. Nxf6+ exf6 6. Bc4 Bd6 7. Qe2+ Be7 8. Nf3 O-O 9. O-O Re8 10. Re1 Nd7 11. Bf4 Nf8 12. h3 Be6 13. Rad1 Qd7 14. c3 Rad8 15. Bg3 Bd6 16. Bxd6 Qxd6 17. Qf1 Ng6 18. g3 Bd5 19. Bxd5 Qxd5 20. Kg2 Qxa2 21. Qd3 b5 22. Rxe8+ Rxe8 23. h4 Qxb2 24. h5 Nf8 25. c4 bxc4 26. Qxc4 Re2 27. Rf1 Qc2 28. Qa6 Qf5 29. Qxe2 Qxh5 30. Qe8 g6 31. Qxc6 Ne6 32. Qe4 f5 33. Qh4 Qxh4 34. gxh4 Nf4+ 35. Kh2 Kf8 36. Ra1 Ke7 37. Rxa7+ Ke6 38. Ng5+ Kd5 39. Rxf7 h6 40. Nf3 Ke4 41. Ne5 Kxd4 42. Nf3+ Ke4 43. Ng1 g5 44. hxg5 hxg5 45. Re7+ Kd5 46. Kg3 Nh5+ 47. Kh2 Nf4 48. Nf3 g4 49. Re5+ Kd6 50. Rxf5 Nd3 51. Ng1 Ke6 52. Rf8 Ke7 53. Rg8 Nxf2 54. Kg2 Nd1 55. Kg3 Ne3 56. Kf4 Nd5+ 57. Kg3 Nf6 58. Rg5 Ne4+ 59. Kxg4 Nxg5 1/2-1/2


[Site "https://www.chess.com"]

[Event "Titled Tuesday Blitz August 15 Early 2023"]
[White "Aaditya Dhingra"]
[Black "Spichkin, Alexander"]
[WhiteFideId "25678191"]
[BlackFideId "4144074"]
[WhiteElo "2646"]
[BlackElo "2464"]
[Result "1-0"]
[Round "8"]
[TimeControl "180+1"]
[Date "2023.08.15"]
[WhiteClock "0:01:03"]
[BlackClock "0:00:34"]
[Board "92"]

1. e4 e5 2. Nf3 d5 3. exd5 e4 4. Qe2 Nf6 5. Nc3 Be7 6. Nxe4 O-O 7. Nxf6+ Bxf6 8. d4 Qxd5 9. Be3 Nc6 10. c3 Bg4 11. h3 Bh5 12. g4 Bg6 13. Bg2 Be4 14. O-O Rfe8 15. Rfd1 Ne7 16. c4 Qd8 17. Ne5 Bxg2 18. Kxg2 Ng6 19. Nxg6 hxg6 20. Qf3 c6 21. Rd2 Qa5 22. b3 Re6 23. Rad1 Rae8 24. d5 cxd5 25. cxd5 Rd6 26. Bf4 Rd7 27. d6 g5 28. Rd5 Qxa2 29. Bxg5 Be5 30. Be7 Rc8 31. Rxe5 f6 32. Qd5+ Kh7 33. Rh5+ Kg6 34. Qf5+ Kf7 35. Qxd7 Rc2 36. Bxf6+ Kxf6 37. Qf5# 1-0


[Site "https://www.chess.com"]

[Event "Titled Tuesday Blitz August 15 Early 2023"]
[White "Komov, Roman"]
[Black "Womacka, Mathias"]
[WhiteFideId "24175714"]
[BlackFideId "4611390"]
[WhiteElo "2610"]
[BlackElo "2459"]
[Result "1-0"]
[Round "8"]
[TimeControl "180+1"]
[Date "2023.08.15"]
[WhiteClock "0:02:01"]
[BlackClock "0:01:27"]
[Board "93"]

1. e4 c5 2. Nf3 d6 3. Bb5+ Nd7 4. O-O a6 5. Bxd7+ Bxd7 6. c3 Nf6 7. Re1 Bc6 8. d4 cxd4 9. cxd4 Bxe4 10. Bg5 d5 11. Nc3 Bg6 12. Ne5 e6 13. Qa4+ b5 14. Nxb5 Be7 15. Nc7+ Kf8 16. Nxa8 Qxa8 17. Rac1 Ne8 18. Nd7+ 1-0


[Site "https://www.chess.com"]

[Event "Titled Tuesday Blitz August 15 Early 2023"]
[White "Mendez Fortes, Eduardo Jesus"]
[Black "Dong Khanh Linh"]
[WhiteFideId "3502376"]
[BlackFideId "12403040"]
[WhiteElo "2603"]
[BlackElo "2457"]
[Result "1-0"]
[Round "8"]
[TimeControl "180+1"]
[Date "2023.08.15"]
[WhiteClock "0:01:04"]
[BlackClock "0:00:00"]
[Board "94"]

1. e4 e6 2. d4 d5 3. Nd2 c5 4. exd5 Qxd5 5. Ngf3 cxd4 6. Bc4 Qd6 7. O-O Nf6 8. Nb3 Nc6 9. Nbxd4 Nxd4 10. Nxd4 a6 11. Re1 Be7 12. c3 O-O 13. Qf3 h6 14. Bf4 Qc5 15. Bb3 Rd8 16. Rad1 Qh5 17. Qg3 b5 18. Rd2 Bb7 19. Bd1 Qc5 20. Bxh6 g6 21. Nxe6 Qb6 22. Nxd8 Bxd8 23. Bb3 Kh7 24. Bxf7 Nh5 25. Qe3 Qf6 26. Rd7 Bc6 27. Bg8+ Kh8 28. Bg7+ Nxg7 29. Rf7 Qxf7 30. Bxf7 Nf5 31. Qe6 1-0


[Site "https://www.chess.com"]

[Event "Titled Tuesday Blitz August 15 Early 2023"]
[White "Bodnaruk, Anastasia"]
[Black "slidingknight2775"]
[WhiteFideId "4181751"]
[WhiteElo "2601"]
[BlackElo "2454"]
[Result "1-0"]
[Round "8"]
[TimeControl "180+1"]
[Date "2023.08.15"]
[WhiteClock "0:01:02"]
[BlackClock "0:00:04"]
[Board "95"]

1. e4 c6 2. d4 d5 3. e5 Bf5 4. g4 Bd7 5. Be3 Qc8 6. h3 e6 7. f4 c5 8. Nf3 h5 9. Rg1 Ne7 10. c3 a6 11. dxc5 hxg4 12. hxg4 Ng6 13. b4 a5 14. Nbd2 Na6 15. a3 b6 16. c6 Qxc6 17. b5 Qxc3 18. Bd4 Qc7 19. bxa6 Nxf4 20. Qb3 Bc5 21. Rc1 Kf8 22. Bxc5+ bxc5 23. Qb7 Qxb7 24. axb7 Rb8 25. Rxc5 Rxb7 26. Rxa5 g6 27. Ra8+ Kg7 28. Rxh8 Kxh8 29. Nd4 f6 30. exf6 e5 31. N4f3 e4 32. Ne5 e3 33. Rh1+ Kg8 34. f7+ Kg7 35. Rh7+ Kxh7 36. f8=Q exd2+ 37. Kxd2 Ba4 38. Qxf4 Rb2+ 39. Kc3 Rb3+ 40. Kd4 Rxa3 41. Qf7+ Kh8 42. Nxg6# 1-0


[Site "https://www.chess.com"]

[Event "Titled Tuesday Blitz August 15 Early 2023"]
[White "Altman, Joshua"]
[Black "Harriott, Tyrell"]
[WhiteFideId "426210"]
[BlackFideId "2086484"]
[WhiteElo "2572"]
[BlackElo "2427"]
[Result "1-0"]
[Round "8"]
[TimeControl "180+1"]
[Date "2023.08.15"]
[WhiteClock "0:00:10"]
[BlackClock "0:00:06"]
[Board "96"]

1. Nf3 d5 2. c4 e6 3. cxd5 exd5 4. d4 Bd6 5. Nc3 c6 6. Bg5 f6 7. Bh4 Nh6 8. e3 O-O 9. Bd3 Qe8 10. Qc2 f5 11. Bg3 Bb4 12. Bf4 Ng4 13. a3 Ba5 14. b4 Bd8 15. O-O Nf6 16. h3 Ne4 17. Ne5 Nd7 18. f3 Nxe5 19. Bxe5 Ng5 20. Rae1 Qh5 21. Ne2 Nf7 22. Ng3 Qg5 23. Bf4 Qh4 24. Nxf5 Bxf5 25. Bxf5 Ng5 26. Be5 Bb6 27. Kh2 Rae8 28. Bg3 Qh5 29. a4 a6 30. b5 cxb5 31. axb5 axb5 32. Bd7 Re7 33. Bxb5 Ref7 34. Be2 Qh6 35. Qb3 Qe6 36. Rb1 Bd8 37. e4 dxe4 38. Bc4 Qh6 39. Bxf7+ Nxf7 40. fxe4 Qg6 41. Rf5 Bf6 42. Rbf1 Bxd4 43. e5 Bc5 44. e6 Nh6 45. Rxf8+ Bxf8 46. e7+ Nf7 47. e8=Q h6 48. Qbxf7+ Qxf7 49. Qxf7+ Kh7 50. Qxf8 h5 51. Rf5 Kg6 52. Qf7+ 1-0


[Site "https://www.chess.com"]

[Event "Titled Tuesday Blitz August 15 Early 2023"]
[White "Deng, Henry"]
[Black "Gheorghiu, Calin"]
[WhiteFideId "30965454"]
[BlackFideId "1200305"]
[WhiteElo "2566"]
[BlackElo "2423"]
[Result "1-0"]
[Round "8"]
[TimeControl "180+1"]
[Date "2023.08.15"]
[WhiteClock "0:01:07"]
[BlackClock "0:00:17"]
[Board "97"]

1. e4 c6 2. d4 d5 3. Nd2 dxe4 4. Nxe4 Nf6 5. Nxf6+ exf6 6. c3 Bd6 7. Bd3 O-O 8. Qc2 h6 9. Ne2 Qc7 10. h3 b6 11. O-O Bb7 12. Be3 c5 13. Rad1 cxd4 14. Nxd4 a6 15. Nf5 Bh2+ 16. Kh1 Bf4 17. Qd2 Bxe3 18. Qxe3 Nd7 19. Rfe1 Ne5 20. Qg3 g6 21. Nxh6+ Kg7 22. Ng4 Rae8 23. Qf4 Re6 24. f3 Rh8 25. Nxf6 Rxf6 26. Qxe5 Qc6 27. Be4 Qc8 28. Bxb7 Qxb7 29. Rd6 1-0


[Site "https://www.chess.com"]

[Event "Titled Tuesday Blitz August 15 Early 2023"]
[White "ExchangeAB"]
[Black "Souleidis, Georgios"]
[BlackFideId "4206827"]
[WhiteElo "2423"]
[BlackElo "2552"]
[Result "1/2-1/2"]
[Round "8"]
[TimeControl "180+1"]
[Date "2023.08.15"]
[WhiteClock "0:00:26"]
[BlackClock "0:00:09"]
[Board "98"]

1. d4 Nf6 2. Nc3 d5 3. Bf4 c5 4. e3 cxd4 5. exd4 a6 6. Nf3 Nc6 7. Ne5 Bd7 8. Nxc6 Bxc6 9. Bd3 e6 10. O-O Bd6 11. Bxd6 Qxd6 12. Ne2 O-O 13. c3 Qd7 14. a4 b5 15. axb5 Bxb5 16. Nf4 Rfb8 17. Qe2 h6 18. Bxb5 Rxb5 19. Nd3 Ne4 20. f3 Nd6 21. Nc5 Qc6 22. b4 a5 23. bxa5 Rbxa5 24. Rxa5 Rxa5 25. Rb1 Ra8 26. Qb2 Nc4 27. Qb7 Qxb7 28. Rxb7 Ra3 29. Rb3 Ra2 30. Rb8+ Kh7 31. Nd7 g5 32. Ne5 Nxe5 33. dxe5 Re2 34. Rc8 Rxe5 35. Kf2 Kg7 36. c4 dxc4 37. Rxc4 Ra5 38. h4 Kg6 39. hxg5 hxg5 40. Rb4 f5 41. Rc4 Kf6 42. Rb4 Ra2+ 43. Kg3 f4+ 44. Kh3 Kf5 45. Rb5+ e5 46. Rb8 Ra1 47. Kh2 Ra4 48. Rf8+ Kg6 49. Rg8+ Kf6 50. Rf8+ Ke7 51. Rg8 Kf6 52. Rf8+ Kg7 53. Re8 Ra5 54. Kh3 Kf7 55. Rb8 Ra2 56. Rb6 Rc2 57. Ra6 Re2 58. Rb6 e4 59. fxe4 Rxe4 60. Kg4 Re5 61. Ra6 Kg7 62. g3 fxg3 63. Kxg3 Re4 64. Kg2 Rf4 65. Kg1 Rf6 66. Ra1 Kg6 67. Rb1 Kh5 68. Ra1 g4 69. Rb1 Kh4 70. Ra1 Rb6 71. Rc1 Rb2 72. Ra1 Kh3 73. Rc1 Rg2+ 74. Kh1 Rh2+ 75. Kg1 Rg2+ 76. Kh1 Re2 77. Rb1 Kg3 78. Kg1 Kf3 79. Ra1 Rg2+ 80. Kh1 Rd2 81. Kg1 g3 82. Rb1 Kg4 83. Ra1 Kh3 84. Rb1 Rg2+ 85. Kh1 Ra2 86. Kg1 Rh2 87. Ra1 Rc2 88. Rb1 Rd2 89. Ra1 Rc2 90. Rb1 Rd2 91. Ra1 Rc2 1/2-1/2


[Site "https://www.chess.com"]

[Event "Titled Tuesday Blitz August 15 Early 2023"]
[White "Novikov, Evgenij"]
[Black "Williams, Simon K"]
[WhiteFideId "4125380"]
[BlackFideId "404454"]
[WhiteElo "2423"]
[BlackElo "2546"]
[Result "0-1"]
[Round "8"]
[TimeControl "180+1"]
[Date "2023.08.15"]
[WhiteClock "0:00:00"]
[BlackClock "0:01:14"]
[Board "99"]

1. d4 e6 2. Nc3 b6 3. e4 Bb7 4. Bd3 g6 5. Nge2 Bg7 6. O-O Ne7 7. Bg5 h6 8. Bf4 g5 9. Bg3 h5 10. f3 d6 11. Qd2 Ng6 12. Bf2 Nc6 13. Be3 g4 14. f4 Nge7 15. f5 exf5 16. exf5 Ng8 17. Bg5 Bf6 18. Bxf6 Nxf6 19. Rae1 Kf8 20. Nf4 Ne7 21. Ng6+ fxg6 22. fxg6 Ng8 23. g7+ Kxg7 24. Qg5+ Kf8 25. Re6 Rh6 26. Bg6 Kg7 27. Bxh5+ Kh8 0-1


[Site "https://www.chess.com"]

[Event "Titled Tuesday Blitz August 15 Early 2023"]
[White "Vafin, Ayrat"]
[Black "Grossboss19"]
[WhiteFideId "4146530"]
[WhiteElo "2408"]
[BlackElo "2541"]
[Result "1-0"]
[Round "8"]
[TimeControl "180+1"]
[Date "2023.08.15"]
[WhiteClock "0:00:18"]
[BlackClock "0:00:00"]
[Board "100"]

1. Nf3 d5 2. g3 c6 3. Bg2 Nf6 4. O-O Nbd7 5. d4 g6 6. Nbd2 Bg7 7. Re1 O-O 8. e4 dxe4 9. Nxe4 Nxe4 10. Rxe4 Nf6 11. Re1 Bf5 12. c3 Be4 13. Ne5 Bxg2 14. Kxg2 Nd7 15. Bf4 Re8 16. Qf3 e6 17. Nc4 Nb6 18. Na5 Qe7 19. Rad1 Nd5 20. h4 Rad8 21. Bg5 f6 22. Bc1 Qc7 23. Nc4 b5 24. Nd2 f5 25. Nb3 e5 26. dxe5 Rxe5 27. Rxe5 Bxe5 28. Nc5 Qe7 29. Nd3 Bd6 30. Bg5 Nf6 31. Qxc6 h6 32. Bxf6 Qxf6 33. Nf4 g5 34. hxg5 hxg5 35. Qd5+ Qf7 36. Ne6 Rd7 37. Nxg5 Qxd5+ 38. Rxd5 a6 39. Rxf5 Be7 40. Ne4 Kg7 41. Kf3 Kg6 42. Re5 Kf7 43. Ke2 Rc7 44. Rh5 Kg6 45. Rd5 Kf7 46. Kd3 Ke6 47. Rh5 Rd7+ 48. Ke2 Rc7 49. a3 Kf7 50. f4 Rc4 51. Re5 Rc6 52. Kf3 Rc7 53. g4 Rd7 54. Ke2 Rd8 55. g5 Bf8 56. f5 Bg7 57. g6+ Kg8 58. f6 Bf8 59. Ng5 Rb8 60. Ne6 Bd6 61. Rd5 1-0


[Site "https://www.chess.com"]

[Event "Titled Tuesday Blitz August 15 Early 2023"]
[White "Gontcharov, Vladislav"]
[Black "Avazkhonov, Alikhon"]
[WhiteFideId "4123492"]
[BlackFideId "14208504"]
[WhiteElo "2539"]
[BlackElo "2400"]
[Result "1-0"]
[Round "8"]
[TimeControl "180+1"]
[Date "2023.08.15"]
[WhiteClock "0:00:15"]
[BlackClock "0:00:00"]
[Board "101"]

1. d4 Nf6 2. c4 g6 3. Nc3 d5 4. cxd5 Nxd5 5. e4 Nxc3 6. bxc3 Bg7 7. Bb5+ Nd7 8. Ne2 O-O 9. O-O c5 10. Be3 a6 11. Bd3 Qc7 12. Rc1 e5 13. f4 c4 14. Bb1 exd4 15. cxd4 b5 16. f5 Bb7 17. Qe1 Rfe8 18. fxg6 hxg6 19. Qh4 Qb6 20. Qf4 Nf6 21. e5 Qe6 22. Qh4 Nd5 23. Bg5 Qc6 24. Rf3 Ne7 25. Rcf1 Nf5 26. Bxf5 gxf5 27. Bf6 Bxf6 28. exf6 Qxf3 29. gxf3 Rxe2 30. Qg5+ Kf8 31. Qg7+ Ke8 32. Qg8+ Kd7 33. Qxf7+ Kc6 34. Qg6 Rf8 35. f7+ Kd7 36. h4 Bd5 37. h5 Rxf7 38. h6 Ree7 39. Kf2 Rh7 40. Re1 1-0


[Site "https://www.chess.com"]

[Event "Titled Tuesday Blitz August 15 Early 2023"]
[White "Davidson, Kevin"]
[Black "ChainedDowntohell"]
[WhiteFideId "2056810"]
[WhiteElo "2360"]
[BlackElo "2525"]
[Result "0-1"]
[Round "8"]
[TimeControl "180+1"]
[Date "2023.08.15"]
[WhiteClock "0:00:00"]
[BlackClock "0:00:10"]
[Board "102"]

1. e4 c5 2. Nf3 d6 3. d4 cxd4 4. Nxd4 Nf6 5. Nc3 Bd7 6. f3 Nc6 7. Be3 e5 8. Nb3 Be7 9. Qd2 a5 10. a4 O-O 11. Bc4 Nb4 12. Nd5 Nfxd5 13. Bxd5 Nxd5 14. Qxd5 Bc6 15. Qd2 d5 16. exd5 Qxd5 17. O-O Qc4 18. Nxa5 Qe6 19. Nxc6 Qxc6 20. b3 f5 21. Rfd1 Rad8 22. Qe2 Qc3 23. Bf2 Rc8 24. Ra2 Rfd8 25. Be1 Bc5+ 26. Kf1 Rxd1 27. Qxd1 Qe3 28. Qd5+ Kh8 29. Qd7 Rf8 30. c4 Qg1+ 31. Ke2 Qxg2+ 0-1


[Site "https://www.chess.com"]

[Event "Titled Tuesday Blitz August 15 Early 2023"]
[White "Afanasieva, Alexandra"]
[Black "Rodchenkov, Sergey D."]
[WhiteFideId "34126926"]
[BlackFideId "4168712"]
[WhiteElo "2335"]
[BlackElo "2512"]
[Result "0-1"]
[Round "8"]
[TimeControl "180+1"]
[Date "2023.08.15"]
[WhiteClock "0:00:53"]
[BlackClock "0:02:11"]
[Board "103"]

1. e4 c5 2. Nf3 d6 3. d4 cxd4 4. Nxd4 Nf6 5. Nc3 a6 6. Bg5 e6 7. f4 h6 8. Bh4 Qb6 9. Qd2 Nc6 10. Bxf6 gxf6 11. Nb3 Qc7 12. O-O-O b5 13. Be2 Rb8 14. f5 b4 15. Nb1 e5 16. Bh5 a5 17. Qd3 a4 18. N3d2 Nd4 19. Nf3 Ba6 0-1


[Site "https://www.chess.com"]

[Event "Titled Tuesday Blitz August 15 Early 2023"]
[White "Goswami, Vedant"]
[Black "Hristodoulou, Panagiotis"]
[WhiteFideId "5003725"]
[BlackFideId "4214340"]
[WhiteElo "2330"]
[BlackElo "2509"]
[Result "0-1"]
[Round "8"]
[TimeControl "180+1"]
[Date "2023.08.15"]
[WhiteClock "0:00:00"]
[BlackClock "0:00:11"]
[Board "104"]

1. c4 e6 2. Nc3 d5 3. e3 Nf6 4. d4 Nbd7 5. Nf3 b6 6. cxd5 exd5 7. Bb5 Bb7 8. Ne5 Bd6 9. Qa4 a6 10. Bc6 Qc8 11. f4 b5 12. Qb3 Bxc6 13. Nxc6 Qb7 14. Ne5 Nb6 15. O-O O-O 16. Bd2 c5 17. Qc2 Rac8 18. Qf5 Nc4 19. Bc1 cxd4 20. exd4 Qb6 21. Rd1 Rfe8 22. Qd3 Bxe5 23. fxe5 Nxe5 24. Qg3 Ng6 25. Bg5 Ne4 26. Nxe4 Rxe4 27. Qf2 h6 28. Be3 Rce8 29. Rd3 b4 30. Rf1 Qe6 31. Bd2 a5 32. Rf3 f6 33. Bc1 Kh7 34. h3 Re2 35. Qg3 Rc2 36. Rf5 Qe2 37. Qf3 Qxf3 38. R5xf3 Ree2 39. Rg3 Nh4 40. Rg4 Rxg2+ 0-1


[Site "https://www.chess.com"]

[Event "Titled Tuesday Blitz August 15 Early 2023"]
[White "Nugumanov, Bakhtiyar"]
[Black "Kovalevsky, Stanislav"]
[WhiteFideId "13701797"]
[BlackFideId "13508598"]
[WhiteElo "2117"]
[BlackElo "2508"]
[Result "0-1"]
[Round "8"]
[TimeControl "180+1"]
[Date "2023.08.15"]
[WhiteClock "0:00:10"]
[BlackClock "0:00:08"]
[Board "105"]

1. e4 c6 2. d4 d5 3. Nd2 dxe4 4. Nxe4 Nf6 5. Nxf6+ exf6 6. c3 Bd6 7. Bd3 O-O 8. Nf3 Re8+ 9. Be3 Bf4 10. O-O Bxe3 11. fxe3 Rxe3 12. Qd2 Re8 13. Nh4 Na6 14. Rf3 Nc7 15. Rg3 Ne6 16. Nf5 Ng5 17. Nxg7 Kxg7 18. h4 h6 19. Rf1 Rh8 20. hxg5 hxg5 21. Bc4 Be6 22. Bxe6 fxe6 23. Qe3 Qe7 24. Re1 Rae8 25. c4 Rh6 26. Kf2 Rg6 27. Rh3 g4 28. Rh5 g3+ 29. Ke2 Qb4 30. Reh1 Qxc4+ 31. Kd2 Kf8 32. Rh8+ Ke7 33. R1h7+ Kd8 34. Rxe8+ Kxe8 35. Rxb7 Rg4 36. Rxa7 Rxd4+ 37. Ke1 Re4 38. Ra8+ Kf7 39. Ra7+ Kg6 40. Ra3 Rxe3+ 41. Rxe3 Qc1+ 42. Ke2 Qxb2+ 43. Kf3 Qf2+ 44. Ke4 f5+ 45. Kd3 Qxg2 46. Rxe6+ Kg5 47. Re2 Qxe2+ 48. Kxe2 Kg4 49. Kf1 f4 50. a4 Kh3 51. a5 f3 52. a6 Kh2 53. a7 g2+ 54. Kf2 g1=Q+ 55. Kxf3 Qxa7 56. Kg4 Qg7+ 57. Kh4 Kg2 58. Kh5 Kf3 59. Kh4 Qg4# 0-1


[Site "https://www.chess.com"]

[Event "Titled Tuesday Blitz August 15 Early 2023"]
[White "Samarth J Rao"]
[Black "Berezin, Viktor"]
[WhiteFideId "46652370"]
[BlackFideId "14107872"]
[WhiteElo "2028"]
[BlackElo "2507"]
[Result "0-1"]
[Round "8"]
[TimeControl "180+1"]
[Date "2023.08.15"]
[WhiteClock "0:00:01"]
[BlackClock "0:00:09"]
[Board "106"]

1. e4 c6 2. d4 d5 3. Nc3 dxe4 4. Nxe4 Nf6 5. Nxf6+ exf6 6. Nf3 Bd6 7. h3 O-O 8. Be2 Re8 9. O-O Nd7 10. c4 Nf8 11. d5 c5 12. Re1 Ng6 13. Bf1 Bf5 14. Bd2 Qd7 15. Qb3 b6 16. Rxe8+ Rxe8 17. Re1 Be4 18. a3 h6 19. Qc3 f5 20. Nh2 Bc7 21. Qe3 Qd6 22. g3 f4 23. gxf4 Nxf4 24. Qxf4 Re5 25. Ng4 Qg6 26. Qg3 Re7 27. Qh4 f6 28. f3 Re8 29. fxe4 h5 30. e5 Bxe5 31. Bg2 Bd4+ 32. Kh1 Rxe1+ 33. Qxe1 hxg4 34. Qe6+ Kh8 35. Qc8+ Kh7 36. Qxg4 Qb1+ 37. Kh2 Qg1+ 38. Kg3 Qf2+ 39. Kh2 Qg1+ 40. Kg3 Qf2+ 41. Kh2 Qxd2 42. Qf5+ Kh6 43. Kg3 Be5+ 44. Kf3 Qd1+ 45. Kf2 Bd4+ 46. Kg3 Qe1+ 47. Kf3 Qf2+ 48. Ke4 Qe3# 0-1


[Site "https://www.chess.com"]

[Event "Titled Tuesday Blitz August 15 Early 2023"]
[White "Bilan, Danila"]
[Black "Rietze, Clemens, Dr."]
[WhiteFideId "24161918"]
[BlackFideId "24620351"]
[WhiteElo "2577"]
[BlackElo "2389"]
[Result "0-1"]
[Round "8"]
[TimeControl "180+1"]
[Date "2023.08.15"]
[WhiteClock "0:00:02"]
[BlackClock "0:00:21"]
[Board "107"]

1. d4 Nf6 2. Nf3 g6 3. Bg5 Bg7 4. c3 O-O 5. Nbd2 d6 6. e4 Nc6 7. Bc4 e5 8. dxe5 dxe5 9. O-O h6 10. Bh4 Qe7 11. Qc2 Be6 12. Rad1 Bxc4 13. Nxc4 Qe6 14. Qb3 Nxe4 15. Rfe1 f5 16. Ncxe5 Qxb3 17. axb3 Nxe5 18. Nxe5 Bxe5 19. f3 g5 20. Bf2 Bxh2+ 21. Kxh2 Nxf2 22. Rd2 Ne4 23. fxe4 f4 24. e5 Rae8 25. Rd7 Rf7 26. e6 Rfe7 27. Kh3 Kg7 28. Kg4 Kg6 29. Kf3 Kf5 30. Rd5+ Kf6 31. Rh1 Kg6 32. Rd7 Rxe6 33. Rxc7 Re2 34. Rh2 R8e3+ 35. Kg4 Rg3# 0-1


[Site "https://www.chess.com"]

[Event "Titled Tuesday Blitz August 15 Early 2023"]
[White "Chor, Kevin"]
[Black "Korpics, Zsolt"]
[WhiteFideId "2090740"]
[BlackFideId "705241"]
[WhiteElo "2569"]
[BlackElo "2382"]
[Result "1-0"]
[Round "8"]
[TimeControl "180+1"]
[Date "2023.08.15"]
[WhiteClock "0:00:06"]
[BlackClock "0:00:10"]
[Board "108"]

1. e4 c5 2. Nf3 e6 3. d4 cxd4 4. Nxd4 Nc6 5. Nc3 Qc7 6. Be2 a6 7. O-O Nf6 8. a3 b5 9. Re1 Bb7 10. Bf3 Ne5 11. Bf4 d6 12. Be2 h5 13. Bg5 Be7 14. Qd2 Nfg4 15. h3 Bxg5 16. Qxg5 Qc5 17. Rad1 f6 18. Qxg7 O-O-O 19. Bxg4 Nxg4 20. hxg4 Rdg8 21. Qxf6 hxg4 22. Qxe6+ Kb8 23. Nf5 g3 24. Qxd6+ Qxd6 25. Rxd6 gxf2+ 26. Kxf2 Rh2 27. Rg1 Rf8 28. Kg3 Rhh8 29. Rgd1 Rhg8+ 30. Kf2 Bxe4 31. Nxe4 Rxf5+ 32. Kg1 Rf4 33. Rd8+ Rxd8 34. Rxd8+ Kc7 35. Rd4 Kc6 36. g3 Rg4 37. Rd6+ Kc7 38. Re6 Kd7 39. Nc5+ Kc7 40. Kf2 Rc4 41. Nxa6+ Kd7 42. Re2 Rc6 43. Nb4 Rf6+ 44. Ke3 Kd6 45. Rf2 Kc5 46. Rxf6 Kc4 47. g4 Kc5 48. g5 Kc4 49. g6 Kc5 50. g7 Kc4 51. g8=Q+ Kc5 52. Qc8# 1-0


[Site "https://www.chess.com"]

[Event "Titled Tuesday Blitz August 15 Early 2023"]
[White "Nguyen Hong Anh"]
[Black "Der_Balak_3Halak"]
[WhiteFideId "12406732"]
[WhiteElo "2541"]
[BlackElo "2381"]
[Result "1-0"]
[Round "8"]
[TimeControl "180+1"]
[Date "2023.08.15"]
[WhiteClock "0:00:32"]
[BlackClock "0:00:06"]
[Board "109"]

1. d4 Nf6 2. c4 e6 3. Nf3 c5 4. g3 cxd4 5. Nxd4 d5 6. Bg2 Nc6 7. O-O Bd7 8. Nc3 dxc4 9. Bg5 Be7 10. Nxc6 Bxc6 11. Bxc6+ bxc6 12. Qa4 Qb6 13. Qxc4 O-O 14. b3 Nd5 15. Bxe7 Nxe7 16. Rac1 Rac8 17. Rfd1 Rfd8 18. Na4 Qb5 19. Qe4 Nd5 20. Rc5 Qa6 21. Rdc1 Rc7 22. Qe5 Rdc8 23. R1c2 Nb4 24. Rd2 h6 25. Rd4 Nd5 26. Rg4 Nf6 27. Qxf6 g6 28. Qe5 Rd7 29. Kg2 Rd2 30. Rcc4 Rcd8 31. h4 R8d5 32. Qe3 h5 33. Rg5 Rxa2 34. Rxd5 cxd5 35. Rc7 Rxe2 36. Qf3 f5 37. Qc3 e5 38. Rc8+ Kf7 39. Qc7+ Kf6 40. Qd8+ Ke6 41. Nc5+ Kf7 42. Rc7# 1-0


[Site "https://www.chess.com"]

[Event "Titled Tuesday Blitz August 15 Early 2023"]
[White "Efremov, Vladislav"]
[Black "Al-Tarboush, Ward"]
[WhiteFideId "44159935"]
[BlackFideId "7601450"]
[WhiteElo "2376"]
[BlackElo "2530"]
[Result "1-0"]
[Round "8"]
[TimeControl "180+1"]
[Date "2023.08.15"]
[WhiteClock "0:01:51"]
[BlackClock "0:02:27"]
[Board "110"]

1. d4 d5 2. c4 c6 3. Nf3 Nf6 4. Nc3 dxc4 5. a4 Bf5 6. e3 e6 7. Bxc4 Bb4 8. O-O O-O 9. Qb3 Qe7 10. Ne5 a6 11. f4 b5 12. axb5 cxb5 13. Bxb5 Bxc3 14. bxc3 Be4 15. Bd3 Bxd3 16. Nxd3 Ne4 17. Ba3 Nd6 18. Qb6 Rd8 19. e4 Qd7 20. Ne5 Qb5 21. Qxd8+ 1-0


[Site "https://www.chess.com"]